 Dungeon Crawl Stone Soup version 0.22-a0 (webtiles) character file.

42 shenanigans the Chiller (level 3, -1/26 HPs)
             Began as a Barachi Ice Elementalist on Dec 31, 2017.
             Killed by divine providence
             ... invoked by an orc priest
              (12 damage)
             ... on level 2 of the Dungeon.
             The game lasted 00:05:01 (1648 turns).

shenanigans the Chiller (Barachi Ice Elementalist)  Turns: 1648, Time: 00:05:01

Health: -1/26      AC:  2    Str:  9    XL:     3   Next: 56%
Magic:  0/6        EV: 13    Int: 19    God:
Gold:   72         SH:  0    Dex: 12    Spells: 4/7 levels left

rFire    . . .     SeeInvis .   e - +0 dagger
rCold    . . .     Gourm    .   (no shield)
rNeg     . . .     Faith    .   a - +0 robe
rPois    .         Spirit   .   (no helmet)
rElec    .         Reflect  .   (no cloak)
rCorr    .         Harm     .   (no gloves)
MR       .....                  (no boots)
Stlth    +++.......             (no amulet)
HPRegen  0.08/turn              n - ring of stealth
MPRegen  0.10/turn              q - +3 ring of intelligence

@: can't hop, slow
A: +LOS, swims, slowness 1, strong legs 1
a: Hop


You were on level 2 of the Dungeon.
You were very hungry.

You visited 1 branch of the dungeon, and saw 2 of its levels.

You collected 72 gold pieces.

Inventory:

Hand Weapons
 e - a +0 dagger (weapon)
Armour
 a - a +0 robe (worn)
Jewellery
 n - a ring of stealth (left hand)
 q - a +3 ring of intelligence (right hand)
 r - a +2 ring of strength {unknown}
 s - an uncursed ring of resist corrosion {unknown}
Scrolls
 d - 2 scrolls of magic mapping {unknown}
 g - 2 scrolls of remove curse {unknown}
 k - 3 scrolls of identify {unknown}
 l - 2 scrolls of teleportation {unknown}
 m - a scroll of amnesia {unknown}
 o - 2 scrolls of enchant weapon {unknown}
 p - a scroll of enchant armour {unknown}
 t - a scroll of random uselessness {unknown}
Potions
 f - a potion of invisibility {unknown}
 h - a potion of lignification {unknown}
 i - a potion of curing
 j - a potion of flight {unknown}
Books
 b - a book of Frost

   Spells                             Type                      Level
   a - Freeze                         Ice                          1
   b - Throw Frost                    Conjuration/Ice              2
   c - Ozocubu's Armour               Charms/Ice                   3
   d - Throw Icicle                   Conjuration/Ice              4
   e - Summon Ice Beast               Ice/Summoning                4
Comestibles
 c - 4 rations


   Skills:
 + Level 1.3 Fighting
 + Level 2.6 Dodging
 + Level 2.2 Stealth
 + Level 2.5 Spellcasting
 * Level 1.6 Conjurations
 + Level 4.0 Ice Magic


You had 4 spell levels left.
You knew the following spells:

 Your Spells              Type           Power        Failure   Level  Hunger
a - Freeze                Ice            ###.         3%          1    #......
b - Throw Frost           Conj/Ice       ##....       8%          2    ##.....


Dungeon Overview and Level Annotations

Branches:
Dungeon (2/15)

Altars:
Sif Muna


Innate Abilities, Weirdness & Mutations

Shadows flee at your approach. (+LOS)
You can swim through water.
You cover ground slowly.
You can hop short distances.


Message History

Okay, then.
Your legs are too worn out to hop.
Unknown command.
Casting: Freeze
Confirm with . or Enter, or press ? or * to list all spells.
Aiming: Freeze
Press: ? - help, Shift-Dir - straight line, f - orc priest
Aim: an orc priest, wielding a dagger You freeze the orc priest.
The orc priest is heavily wounded.
The orc priest hits you with a dagger.
Your legs are too worn out to hop.
The orc priest invokes the aid of Beogh against you.
Pain shoots through your body!
Ouch! That really hurt!
* * * LOW HITPOINT WARNING * * *
It was a potion of curing.
You feel better.
The orc priest invokes the aid of Beogh against you.
Beogh smites you!
You die...

######.o..)..#...# #.##'#.
#.o..#.#####.#.########.##.#. #
#.##.#.#.....#..........##.#. #
#.##...#.###.#############.#.
....#o######..........##.......#.
#####.###.....#o#####.##.########
#...#.#....o#####.##.#....... #
###.._....#.#.....#..#.###### #
#..#.#####.@..####..#.# # #
#.##...)####.......##.### # # #.
####o# ##.##....#...# #. #
#.##..#.###.# #. #.###.#.....# #.
#.###.#######
##################.....#
........<.......########
#.#.###########.#


You could see an orc priest and an orc.

Vanquished Creatures
  An adder (D:2)
  A worm (D:2)
  A leopard gecko (D:1)
  3 orcs (D:2)
  2 giant cockroaches (D:1)
  2 goblins (D:1)
  4 hobgoblins
  4 bats
  3 frilled lizards
  4 kobolds
  2 rats (D:1)
27 creatures vanquished.

Notes
Turn   | Place    | Note
-------+----------+-------------------------------------------
     0 | D:1      | shenanigans the Barachi Ice Elementalist began the quest for the Orb.
     0 | D:1      | Reached XP level 1. HP: 13/13 MP: 3/3
   370 | D:1      | Reached XP level 2. HP: 18/20 MP: 1/5
   669 | D:1      | Reached skill level 1 in Fighting
   994 | D:1      | Learned a level 2 spell: Throw Frost
  1128 | D:2      | Reached XP level 3. HP: 26/26 MP: 3/6
  1160 | D:2      | Reached skill level 4 in Ice Magic
  1563 | D:2      | Found a deep blue altar of Sif Muna.
  1648 | D:2      | Killed from afar by an orc priest

Vault maps used:
D:1:      evilmike_arrival_plus
D:2:      lemuel_upstairs_altar, lemuel_crystal_altar, first_ration

Skill      XL: |  1  2  3 |
---------------+----------+-----
Stealth        | 2 |  2.2
Fighting       | 1 |  1.3
Ice Magic      | 4 |  4.0
Dodging        | |  2.6
Spellcasting   | |  2.5
Conjurations   | |  1.6

Action                   || total
-------------------------++-------
Melee: Dagger            ||     3
 Cast: Freeze            ||    36
       Throw Frost       ||     3
 Abil: Hop               ||     1
  Use: Potion            ||     1
 Stab: Sleeping          ||     1
  Eat: Chunk             ||     2
Armor: Robe              ||     4
Dodge: Dodged            ||    21

Table legend:
 A = Spawn XP
 B = Non-spawn XP
 C = Spawn XP percentage of total XP
 D = Spawn monster count
 E = Non-spawn monster count
 F = Spawn count percentage of total count
 G = Total turns spent on level
                    A         B        C        D         E        F      G
               +---------+---------+-------+---------+---------+-------+---------
         Total |       0 |      61 |   0.0 |       0 |      27 |   0.0 |  1648
               +---------+---------+-------+---------+---------+-------+---------
           D:1 |       0 |      29 |   0.0 |       0 |      18 |   0.0 |  1030
           D:2 |       0 |      32 |   0.0 |       0 |       9 |   0.0 |   618
               +---------+---------+-------+---------+---------+-------+---------
